 Dungeon Crawl Stone Soup version 0.29.0-4-gdea44cf6ec (webtiles) character file.

Game seed: 4442570537731616825

3 qw the Caller (level 1, 0/14 HPs)
             Began as a Ghoul Summoner on Sept 9, 2022.
             Slain by a kobold
             ... wielding a +0 club
              (4 damage)
             ... on level 1 of the Dungeon.
             The game lasted 00:00:05 (200 turns).

qw the Caller (Ghoul Summoner)                       Turns: 200, Time: 00:00:05

Health: 0/14       AC:  2    Str: 11    XL:     1   Next: 50%
Magic:  0/2        EV: 12    Int: 10    God:
Gold:   16         SH:  0    Dex:  9    Spells: 2/3 levels left

rFire   . . .      SeeInvis .   c - +0 club
rCold   + . .      Faith    .   (no shield)
rNeg    + + +      Spirit   .   a - +0 robe
rPois   inf        Reflect  .   (no helmet)
rElec   .          Harm     .   (no cloak)
rCorr   .          Rampage  .   (no gloves)
Will    .....                   (no boots)
Stlth   ++........              (no amulet)
HPRegen 0.00/turn               (no ring)
MPRegen 0.08/turn               (no ring)

@: inhibited regen
A: claws 1, cold resistance 1, negative energy resistance 3, inhibited
regeneration, torment resistance 2, devour on kill
a: no special abilities


You were on level 1 of the Dungeon.
You visited 1 branch of the dungeon, and saw 1 of its levels.

You collected 16 gold pieces.


Innate Abilities, Weirdness & Mutations

You are immune to poison.
You have sharp fingernails.
Your flesh is cold resistant. (rC+)
You are immune to negative energy. (rN+++)
You do not regenerate when monsters are visible.
You are immune to unholy pain and torment.
You thrive by killing the living.


   Skills:
 + Level 0.8 Axes
 - Level 1.7 Dodging
 - Level 2.1 Stealth
 - Level 1.7 Spellcasting
 - Level 3.6 Summonings


You had 2 spell levels left.
You knew the following spells:

 Your Spells              Type           Power      Damage    Failure   Level
a - Summon Small Mammal   Summ           32%        N/A       8%          1

Your spell library contained the following spells:

 Spells                   Type           Power      Damage    Failure   Level
 Call Imp                 Summ           8%         N/A       11%         2
 Call Canine Familiar     Summ           8%         N/A       22%         3
 Summon Guardian Golem    Hex/Summ       4%         N/A       43%         3
 Summon Lightning Spire   Summ/Air       4%         N/A       83%         4

Inventory:

Hand Weapons
 c - a +0 club (weapon)
Armour
 a - a +0 robe (worn)
Scrolls
 d - a scroll of fog {unknown}
Potions
 b - a potion of magic
 e - a potion of attraction {unknown}

Dungeon Overview and Level Annotations

Branches:
Dungeon (1/15)

Altars:


Message History

The kobold barely misses your bat.
Your bat hits the kobold but does no damage.
Your bat hits the kobold.
The kobold throws a stone.
The stone misses your bat. The stone hits you but does no damage.
A rat comes into view.
Your bat hits the kobold but does no damage.
Your bat hits the kobold but does no damage.
Your bat barely misses the kobold.
Your magical contamination has completely faded away.
The kobold throws a stone.
The stone barely misses you.
Your bat closely misses the kobold.
Your bat hits the kobold but does no damage.
The kobold throws a stone.
The stone hits you but does no damage.
Your bat closely misses the kobold.
The rat twitches its whiskers.
The kobold hits you but does no damage.
195 ||| Stepping ~*~*~tactically~*~*~ (outnumbered).
The kobold throws a stone.
The stone closely misses you.
Your bat misses the kobold. You closely miss the rat.
Your bat misses the kobold.
Your bat barely misses the rat.
The rat bites you.
197 ||| Stepping ~*~*~tactically~*~*~ (outnumbered).
The rat attacks as you move away! The rat misses you.
The kobold attacks as you move away! The kobold hits you with a +0 club.
Your bat hits the rat. The rat misses your bat.
198 ||| CASTING Summon Small Mammal
Casting: Summon Small Mammal (safe; 8% risk of failure)
Confirm with . or Enter, or press ? or * to list all spells.
Your bat hits the rat.
The rat dies!
The kobold hits you with a +0 club.
You closely miss the kobold. Your bat misses the kobold.
Your bat hits the kobold but does no damage.
The kobold closely misses you.
Your bat misses the kobold. The kobold hits you with a +0 club.
You barely miss the kobold. Your claw misses the kobold.
Your bat hits the kobold. x2; Your bat misses the kobold.
The kobold hits you with a +0 club.
You die...

##....## ##..##
#P.....# #....#
#P.P7..### #...#
#...7....# #..#
#.7....#.#######.#
#......#........##
#......#.........##
..P.P.##.......^..##
..7.7...........@..##
.....P...........K..#
P......#.........%b##
#.....##........b...#
#.P7..##.............#
#.7...#..............$#
#...7..%.............##
#.....############.#..
#.....# ..#...


You could see a kobold (ally target) and 2 friendly bats.

Vanquished Creatures (collateral kills)
  A kobold (D:1)
  A ball python (D:1)
  A frilled lizard (D:1)
  A rat (D:1)
4 creatures vanquished.

Vanquished Creatures (others)
  2 plants (D:1)
2 creatures vanquished.

Grand Total: 6 creatures vanquished

Notes
Turn   | Place    | Note
-------+----------+-------------------------------------------
     0 | D:1      | qw the Ghoul Summoner began the quest for the Orb.
     0 | D:1      | Reached XP level 1. HP: 14/14 MP: 2/2
     0 | D:1      | 0 ||| qw: Version: 0.1-a-113-g051387a
     0 | D:1      | 0 ||| qw: Game counter: 7031
     0 | D:1      | 0 ||| qw: Always use a shield: true
     0 | D:1      | 0 ||| qw: God list: Okawaru
     0 | D:1      | 0 ||| qw: Allow faded altars: false
     0 | D:1      | 0 ||| qw: Do Orc after D:15 true
     0 | D:1      | 0 ||| qw: Do second Lair branch before Depths: true
     0 | D:1      | 0 ||| qw: Lair rune preference: random
     0 | D:1      | 0 ||| qw: Plans: Normal
     0 | D:1      | 0 ||| PLANNING D:1-11
    16 | D:1      | 16 ||| CASTING Summon Small Mammal
    17 | D:1      | 17 ||| CASTING Summon Small Mammal
    43 | D:1      | 43 ||| Wielding weapon +0 club.
    70 | D:1      | 70 ||| CASTING Summon Small Mammal
    71 | D:1      | 71 ||| CASTING Summon Small Mammal
   137 | D:1      | 137 ||| CASTING Summon Small Mammal
   138 | D:1      | 138 ||| CASTING Summon Small Mammal
   184 | D:1      | 184 ||| CASTING Summon Small Mammal
   185 | D:1      | 185 ||| CASTING Summon Small Mammal
   195 | D:1      | 195 ||| Stepping ~*~*~tactically~*~*~ (outnumbered).
   197 | D:1      | 197 ||| Stepping ~*~*~tactically~*~*~ (outnumbered).
   198 | D:1      | 198 ||| CASTING Summon Small Mammal
   200 | D:1      | Slain by a kobold

Levels and vault maps discovered:
D:1:      denvon_arrival_planthouse, layout_basic, nicolae_figureground_pulse

Action                   || total
-------------------------++-------
Melee: Club              ||     3
       Unarmed           ||     3
 Cast: Summon Small Mamm ||     7
Armor: Robe              ||     4
Dodge: Dodged            ||     5

Table legend:
 A = Non-vault XP
 B = Vault XP
 C = Vault XP percentage of total XP
 D = Non-vault monster count
 E = Vault monster count
 F = Vault count percentage of total count
                 A         B        C        D         E       F
            +---------+---------+-------+---------+---------+-------
      Total |       5 |       0 |   0.0 |       4 |       0 |   0.0
            +---------+---------+-------+---------+---------+-------
        D:1 |       5 |       0 |   0.0 |       4 |       0 |   0.0
            +---------+---------+-------+---------+---------+-------
